 Dungeon Crawl Stone Soup version 0.30-a0-135-g630cfc4551 (webtiles) character file.

Game seed: 4265798249928111673

85 juncz the Magician (level 4, -7/34 HPs)
             Began as a Djinni Conjurer on Sept 21, 2022.
             Mangled by Crazy Yiuf
             ... wielding a +4 quarterstaff of chaos
              (8 damage)
             ... on level 2 of the Dungeon.
             The game lasted 00:04:02 (2812 turns).

juncz the Magician (Djinni Conjurer)                Turns: 2812, Time: 00:04:03

Health: -7/34      AC:  2    Str:  6    XL:     4   Next: 75%
Gold:   97         EV: 12    Int: 22    God:
                   SH:  0    Dex: 11

rFire   + + .      SeeInvis .    (no weapon)
rCold   . . .      Faith    .    (no shield)
rNeg    . . .      Spirit   .    a - +0 robe
rPois   ∞          Reflect  .    (no helmet)
rElec   .          Harm     .    (no cloak)
rCorr   .          Rampage  .    (no gloves)
Will    .....                    (boots unavailable)
Stlth   ++........               (no amulet)
HPRegen 0.11/turn                e - ring of protection from cold
MPRegen 0.00/turn                (no ring)

@: attractive, flying
A: sickness immunity, fire resistance 2, cold vulnerability 1, float, innate
caster, HP casting, extra vitality 1
a: no special abilities


You were on level 2 of the Dungeon.
You visited 1 branch of the dungeon, and saw 2 of its levels.

You collected 97 gold pieces.

Inventory:

Armour
 a - a +0 robe (worn)
Jewellery
 e - a ring of protection from cold (left hand)
Scrolls
 b - a scroll of teleportation {unknown}
 c - a scroll of blinking {unknown}
 d - a scroll of identify {unknown}
 h - a scroll of immolation {unknown}
 i - a scroll of fear {unknown}
Potions
 f - a potion of brilliance {unknown}
 g - a potion of attraction


   Skills:
 + Level 2.6 Fighting
 - Level 2.1 Dodging
 - Level 1.5 Stealth
 + Level 4.0 Spellcasting


You couldn't memorise any spells.
You knew the following spells:

 Your Spells              Type           Power      Damage    Failure   Level
a - Magic Dart            Conj           88%        1d7       2%          1
b - Searing Ray           Conj           44%        2d6       3%          2
c - Dazzling Flash        Conj/Hex       44%        N/A       6%          3
d - Fulminant Prism       Conj/Hex       11%        3d9       22%         4
e - Iskenderun's Mystic   Conj/Tloc      22%        2d6       22%         4
f - Shock                 Conj/Air       88%        1d8       2%          1
Your spell library was empty.

Dungeon Overview and Level Annotations

Branches:
Dungeon (2/15)

Altars:

Annotations:
D:2 Crazy Yiuf


Innate Abilities, Weirdness & Mutations

You are immune to sickness and miasma.
You are immune to poison.
Your flesh is very heat resistant. (rF++)
You are vulnerable to cold. (rC-)
You float through the air rather than walking.
You learn spells naturally, not from books.
Your magical power is your life essence.
You have superior vitality. (+4 MHP)


Message History

The zap hits the ball python!
You kill the ball python!
You can't see any susceptible monsters within range! (Use Z to cast anyway.)
There is an open door here.
Found two hammers.
You see here a +0 hammer.
Found a hammer.
Found a runed translucent door.
Crazy Yiuf shouts!
Crazy Yiuf waves his quarterstaff at you.
You reach down and open the door.
The zap hits Crazy Yiuf.
Crazy Yiuf is lightly wounded.
Crazy Yiuf closely misses you.
The zap hits Crazy Yiuf but does no damage.
Crazy Yiuf is lightly wounded.
Crazy Yiuf closely misses you.
The zap hits Crazy Yiuf.
Crazy Yiuf is moderately wounded.
Crazy Yiuf hits you with a +4 quarterstaff of chaos!
Crazy Yiuf burns you.
You are too injured to fight recklessly!
You are too injured to fight recklessly!
Casting: Shock (safe; 2% risk of failure)
Confirm with . or Enter, or press ? or * to list all spells.
Aiming: Magic Dart (safe; 2% risk of failure)
Press: ? - help, Shift-Dir - straight line, f/p - Crazy Yiuf
Aim: Crazy Yiuf, wielding a +4 quarterstaff of chaos and wearing a +0 cloak (moderately wounded, 100% to hit)
The magic dart hits Crazy Yiuf but does no damage.
Crazy Yiuf is moderately wounded.
Crazy Yiuf hits you with a +4 quarterstaff of chaos!
* * * LOW HITPOINT WARNING * * *
Casting: Magic Dart (safe; 2% risk of failure)
Confirm with . or Enter, or press ? or * to list all spells.
You don't have enough health to cast this spell.
Unknown command.
You aren't carrying any items that you can evoke.
It was a potion of attraction.
You feel attractive to monsters.
Crazy Yiuf hits you with a +4 quarterstaff of chaos!
You die...

.<....##...#####..#####.....#
#####.###.. #..).# #...#### #
##. #PPP.# ##### ##...# ##.##
##.# #.## ##.# #@## #g# ...
#...# #)..# ##### ## #.#


You could see Crazy Yiuf.

Vanquished Creatures
  2 adders (D:2)
  A worm (D:2)
  2 dart slugs (D:1)
  4 ball pythons
  3 endoplasms
  3 giant cockroaches
  5 goblins
  3 hobgoblins
  13 jackals
  5 kobolds
  2 quokkas
  3 bats
  4 frilled lizards (D:2)
  6 rats
56 creatures vanquished.

Notes
Turn   | Place    | Note
-------+----------+-------------------------------------------
     0 | D:1      | juncz the Djinni Conjurer began the quest for the Orb.
     0 | D:1      | juncz set off with the following spells memorised: Magic
                  | Dart, Searing Ray, Dazzling Flash, Fulminant Prism,
                  | Iskenderun's Mystic Blast.
     0 | D:1      | Reached XP level 1. HP: 15/15 MP: 0/0
    54 | D:1      | You are sucked into a shaft and drop 1 floor!
   154 | D:2      | Reached skill level 1 in Fighting
   154 | D:2      | Reached XP level 2. HP: 4/22 MP: 0/0
   536 | D:2      | Reached XP level 3. HP: 16/28 MP: 0/0
   536 | D:2      | Learned a level 1 spell: Shock
  1516 | D:1      | Reached XP level 4. HP: 29/33 MP: 0/0
  2683 | D:2      | Reached skill level 4 in Spellcasting
  2803 | D:2      | Found a runed translucent door.
  2804 | D:2      | Noticed Crazy Yiuf
  2811 | D:2      | HP: 1/34 [Crazy Yiuf/+4 quarterstaff of chaos (14)]
  2812 | D:2      | Mangled by Crazy Yiuf

Illustrated notes

Levels and vault maps discovered:
D:1:      scummos_arrival_simple_crosswalls, layout_basic,
          chequers_hall_statues_wall_a
D:2:      layout_loops_corners, minivault_11, uniq_crazy_yiuf_cottage

Skill      XL: |  1  2  3  4 |
---------------+-------------+-----
Fighting       | 1 2 |  2.6
Spellcasting   | 4 |  4.0
Dodging        | |  2.1
Stealth        | |  1.5

Action                   |  1- 3 |  4- 6 || total
-------------------------+-------+-------++-------
 Cast: Magic Dart        |    20 |     2 ||    22
       Shock             |    30 |    50 ||    80
  Use: Potion            |       |     1 ||     1
Armor: Robe              |     1 |     5 ||     6
Dodge: Dodged            |     9 |    10 ||    19

Table legend: (Time is in decaauts)
 A = Elapsed time spent in this place.
 B = Non-inter-level travel time spent in this place.
 C = Inter-level travel time spent in this place.
 D = Time resting spent in this place.
 E = Time spent auto-exploring this place.
 F = Levels seen in this place.
 G = Mean time per level.
                   A        B        C        D        E       F      G
               +--------+--------+--------+--------+--------+-----+--------+
         Total |   2810 |   2795 |     15 |    755 |   1853 |   2 | 1405.0 |
       Dungeon |   2810 |   2795 |     15 |    755 |   1853 |   2 | 1405.0 |
               +--------+--------+--------+--------+--------+-----+--------+

Top non-repeatable levels by time:
     D:2: 1711 daAuts
     D:1: 1099 daAuts
